 Dungeon Crawl Stone Soup version 0.19-a0-1097-g38e3b35 (webtiles) character file.

767 4thArraOfDagon the Grappler (level 7, -3/60 (61) HPs)
             Began as a Troll Arcane Marksman on Aug 8, 2016.
             Slain by a sky beast (5 damage)
             ... on level 7 of the Dungeon.
             The game lasted 00:06:09 (1199 turns).

4thArraOfDagon the Grappler (Troll Arcane Marksman) Turns: 1199, Time: 00:06:10

HP:   -3/60 (61)    AC:  5    Str: 19 (20) XL:     7   Next: 52%
MP:   7/7           EV:  9    Int: 10 (11) God:
Gold: 139           SH:  0    Dex:  7 (9)  Spells: 1 memorised, 7 levels left

rFire  . . .     SeeInvis .       - Unarmed
rCold  . . .     Gourm    +     a - +0 robe
rNeg   . . .     Faith    .     (no shield)
rPois  .         Spirit   .     (helmet restricted)
rElec  .         Dismiss  .     (no cloak)
rCorr  .         Reflect  .     (gloves unavailable)
SustAt .         Harm     .     (boots unavailable)
MR     .....                    (no amulet)
Stlth  +.........               (no ring)
                                (no ring)

@: confused
A: unfitting armour, claws 3, fast metabolism 3, gourmand, regeneration 2,
shaggy fur 1, tough skin 2
a: no special abilities


You were on level 7 of the Dungeon.
You were full.

You visited 1 branch of the dungeon, and saw 7 of its levels.

You collected 139 gold pieces.

Inventory:

Missiles
 c - 4 large rocks
 m - 2 throwing nets (quivered)
Armour
 a - a +0 robe (worn)
 e - a cursed -1 robe
Scrolls
 d - a scroll of remove curse {unknown}
 g - 2 scrolls of amnesia {unknown}
 h - 3 scrolls of identify {unknown}
Books
 b - a book of Debilitation

   Spells                             Type                      Level
   a - Corona                         Hexes                        1
   b - Slow                           Hexes                        2
   c - Gell's Gravitas                Hexes/Translocation          3
   d - Inner Flame                    Hexes/Fire                   3
   e - Cause Fear                     Hexes                        4
   f - Leda's Liquefaction            Hexes/Earth                  4
Comestibles
 f - 2 bread rations
 i - a royal jelly
 j - a beef jerky
 l - a meat ration


   Skills:
 - Level 0.7 Fighting
 - Level 1.7 Throwing
 - Level 1.5 Dodging
 * Level 8.3 Unarmed Combat
 - Level 1.0 Spellcasting
 - Level 2.0 Hexes


You had 7 spell levels left.
You knew the following spells:

 Your Spells              Type           Power        Failure   Level  Hunger
a - Corona                Hex            #......      17%         1    ##.....


Dungeon Overview and Level Annotations

Branches:
Dungeon (7/15)
 Temple: D:4-7

Altars:
Kikubaaqudgha
Nemelex Xobeh
Trog
Uskayaw

Annotations:
D:2 Sigmund
D:6 4thArraOfDagon's ghost, amateur TrAM


Innate Abilities, Weirdness & Mutations

You are too large for most types of armour.
You have claws for hands.
Your metabolism is lightning-fast.
You like to eat raw meat.
You heal very quickly.
You are covered in fur. (AC +1)
You have very tough skin. (AC +2)


Message History

Unknown command.
Something hits you.
* * * LOW HITPOINT WARNING * * *
Something shocks you.
* * * LOW HITPOINT WARNING * * *
Something hits you.
* * * LOW HITPOINT WARNING * * *
Unknown command.
Unknown command.
Unknown command.
Unknown command.
Unknown command.
Unknown command.
Unknown command.
Unknown command.
Unknown command.
Unknown command.
Unknown command.
You closely miss something. Something hits you.
You die...

.#. #..).......
....##
#####)#.#.#.##
##..#.###..##.#.#
.<..........).#..
....>.......).####
.#................
#..#......######.
##.###..)......#
.........@#.....#
...####.#####...#
...####.........#
$..............##
..$#.....####...
..#.....#
#...##########
#.#.....#
#......nZ...
#.#.....#
#...########
######.#.....#
.#...#


There were no monsters in sight!

Vanquished Creatures
  An ice beast (D:6)
  A phantom (D:5)
  A black bear (D:6)
  A necrophage (D:7)
  A centaur (D:5)
  An ogre (D:5)
  An orc priest (D:7)
  3 orc wizards (D:7)
  A centaur skeleton (D:7)
  3 worker ants
  A worker ant zombie (D:6)
  2 adders
  2 worms
  5 orcs
  A giant cockroach (D:1)
  3 goblins
  A hobgoblin (D:1)
  A quokka (D:3)
  A ball python (D:3)
  2 giant newts
  A quokka zombie (D:5)
34 creatures vanquished.

Notes
Turn   | Place    | Note
-------+----------+-------------------------------------------
     0 | D:1      | 4thArraOfDagon the Troll Arcane Marksman began the quest for the Orb.
     0 | D:1      | Reached XP level 1. HP: 18/18 MP: 1/1
    32 | D:1      | Reached skill level 1 in Unarmed Combat
    52 | D:1      | Pierrem: hi
    58 | D:1      | 4thArraOfDagon: hi
    58 | D:1      | zkyp: ih
    58 | D:1      | 4thArraOfDagon: escalated bad tab mechanic
    58 | D:1      | 4thArraOfDagon: in last game
    65 | D:2      | Noticed Sigmund
   208 | D:3      | Found a hide-covered altar of Uskayaw.
   231 | D:3      | Reached skill level 2 in Unarmed Combat
   231 | D:3      | Reached XP level 2. HP: 23/26 MP: 2/2
   257 | D:3      | Found an ancient bone altar of Kikubaaqudgha.
   257 | D:3      | Found a bloodstained altar of Trog.
   263 | D:3      | Found a sparkling altar of Nemelex Xobeh.
   542 | D:4      | Reached skill level 3 in Unarmed Combat
   542 | D:4      | Reached XP level 3. HP: 24/32 MP: 3/3
   556 | D:4      | Noticed a phantom
   575 | D:5      | Entered Level 5 of the Dungeon
   582 | D:5      | Noticed a phantom
   600 | D:5      | Killed a phantom
   600 | D:5      | Reached skill level 4 in Unarmed Combat
   600 | D:5      | Reached XP level 4. HP: 27/40 MP: 4/4
   625 | D:5      | Noticed an ogre
   626 | D:5      | Noticed a centaur
   646 | D:5      | Killed a centaur
   646 | D:5      | Reached skill level 5 in Unarmed Combat
   646 | D:5      | Reached XP level 5. HP: 13/46 MP: 5/5
   650 | D:5      | Killed an ogre
   650 | D:5      | Reached skill level 6 in Unarmed Combat
   650 | D:5      | Reached XP level 6. HP: 17/54 MP: 6/6
   718 | D:6      | Noticed an ice beast
   745 | D:6      | Killed an ice beast
   858 | D:6      | Reached skill level 7 in Unarmed Combat
   952 | D:6      | :D
   987 | D:6      | Noticed 4thArraOfDagon's ghost (amateur TrAM)
  1008 | D:6      | Noticed an orc warrior
  1027 | D:7      | HP: 2/53 [necrophage (2)]
  1097 | D:7      | Reached XP level 7. HP: 7/60 MP: 7/7
  1163 | D:7      | Reached skill level 8 in Unarmed Combat
  1196 | D:7      | HP: 3/60 [something (6)]
  1196 | D:7      | HP: 1/60 [something (2)]
  1199 | D:7      | Slain by a sky beast

Vault maps used:
D:1:      onia_arrival_mini_spirals
D:2:      wad_lake_hut, uniq_natasha, uniq_sigmund, uniq_iyjb
D:3:      lemuel_upstairs_altar, nicolae_overflow_crystal_walls,
          nicolae_overflow_hidden_temple, minmay_goblin_kobold_house
D:4:      kennysheep_generic_room_14, uniq_edmund
D:5:      first_bread
D:6:      serial_shops, shop, minivault_19, st_stairs_7
D:7:      gammafunk_temple_overflow_elements

Skill      XL: |  1  2  3  4  5  6  7 |
---------------+----------------------+-----
Unarmed Combat | 2 3 4 5 6 7 8 |  8.3
Fighting       | |  0.7
Throwing       | |  1.7
Dodging        | |  1.5
Spellcasting   | |  1.0
Hexes          | |  2.0

Action                   |  1- 3 |  4- 6 |  7- 9 || total
-------------------------+-------+-------+-------++-------
Melee: Unarmed           |    56 |    54 |    27 ||   137
       Punch             |     1 |     3 |       ||     4
Throw: Throwing net      |     3 |     4 |     1 ||     8
       Large rock        |     2 |       |       ||     2
  Use: Scroll            |     2 |     1 |       ||     3
       Potion            |     1 |     1 |     1 ||     3
 Stab: Sleeping          |     1 |       |       ||     1
  Eat: Chunk             |     6 |     8 |       ||    14
Armor: Robe              |    17 |    16 |     6 ||    39
Dodge: Dodged            |    25 |    21 |     7 ||    53
